 Dungeon Crawl Stone Soup version 0.24.1 (webtiles) character file.

Game seed: 18097643040801775862, levelgen mode: deterministic

40 AarnesTheHuman the Stinger (level 3, 0/27 HPs)
             Began as a Barachi Venom Mage on Mar 28, 2020.
             Succumbed to an adder's poison
             ... on level 1 of the Dungeon.
             The game lasted 00:05:49 (1702 turns).

AarnesTheHuman the Stinger (Barachi Venom Mage)     Turns: 1702, Time: 00:05:50

Health: 0/27       AC:  2    Str:  9    XL:     3   Next: 50%
Magic:  6/6        EV: 18    Int: 16    God:
Gold:   69         SH:  0    Dex: 17    Spells: 4/7 levels left

rFire    . . .     SeeInvis .   e - +0 dagger
rCold    . . .     Gourm    .   (no shield)
rNeg     . . .     Faith    .   a - +0 robe
rPois    .         Spirit   .   (no helmet)
rElec    .         Reflect  .   (no cloak)
rCorr    .         Harm     .   (no gloves)
MR       .....                  (no boots)
Stlth    +++.......             (no amulet)
HPRegen  0.09/turn              (no ring)
MPRegen  0.10/turn              (no ring)

@: agile, lethally poisoned (0 -> -9), very slightly contaminated, invisible,
slow
A: +LOS, swims, slowness 1, strong legs 1
a: Hop


You were on level 1 of the Dungeon.
You were hungry.

You visited 1 branch of the dungeon, and saw 2 of its levels.

You collected 69 gold pieces.

Inventory:

Hand Weapons
 e - a +0 dagger (weapon)
Armour
 a - a +0 robe (worn)
 b - a scarf of resistance
 i - a scarf of resistance
Scrolls
 f - 2 scrolls of magic mapping {unknown}
 g - 2 scrolls of noise {unknown}
 m - a scroll of enchant weapon {unknown}
 n - a scroll of amnesia {unknown}
Potions
 k - a potion of curing {unknown}
 l - a potion of might {unknown}
Comestibles
 c - 2 rations


   Skills:
 * Level 2.1 Fighting
 - Level 2.1 Dodging
 - Level 1.7 Stealth
 + Level 2.6 Spellcasting
 + Level 1.9 Conjurations
 + Level 3.6 Poison Magic


You had 4 spell levels left.
You knew the following spells:

 Your Spells              Type           Power        Failure   Level  Hunger
a - Sting                 Conj/Pois      ##..         6%          1    #......
b - Poisonous Vapours     Pois/Air       #.....       14%         2    ##.....

Your spell library contained the following spells:

 Spells                   Type           Power        Failure   Level  Hunger
 Mephitic Cloud           Conj/Pois/Air  #.......     26%         3    ###....
 Olgreb's Toxic Radiance  Pois           ##......     41%         4    #####..
 Venom Bolt               Conj/Pois      ##........   86%         5    ######.


Dungeon Overview and Level Annotations

Branches:
Dungeon (2/15)

Altars:
The Shining One

Annotations:
D:2 Natasha


Innate Abilities, Weirdness & Mutations

Shadows flee at your approach. (+LOS)
You can swim through water.
You cover ground slowly.
You can hop short distances.


Message History

You feel sick. The adder barely misses you.
Casting: Sting (safe; 6% risk of failure)
Confirm with . or Enter, or press ? or * to list all spells.
Aiming: Sting (safe; 6% risk of failure)
Press: ? - help, Shift-Dir - straight line, f - adder
Aim: an adder (heavily wounded)
You miscast Sting.
You are very lightly contaminated with residual magic.
Your skin glows momentarily.
* * * LOW HITPOINT WARNING * * *
You feel sick. The adder closely misses you. The adder completely misses you.
It was a potion of invisibility.
You fade into invisibility!
* * * LOW HITPOINT WARNING * * *
You feel sick. The adder misses you.
It was a potion of agility.
You feel agile all of a sudden. The adder completely misses you.
It was a potion of magic.
Magic courses through your body.
You die...

# # # #### ...######
################# ##......##
#>..............#
#######..###...............#####
# ##........@..............## #
#####.....S.....#######... #
#.....)..........##### #
#........)..####.# #
###.######...# #.# ### #..#
##.#.###.# ..# ##.## #..#...#.#
.)# #..# #.####.#.# ..######
##.## #.# #...#


You could see an adder.

Vanquished Creatures
  3 leopard geckos
  A ball python (D:1)
  4 bats
  A giant cockroach (D:1)
  4 goblins (D:1)
  4 hobgoblins (D:1)
  6 frilled lizards (D:1)
  8 kobolds
  6 rats (D:1)
37 creatures vanquished.

Notes
Turn   | Place    | Note
-------+----------+-------------------------------------------
     0 | D:1      | AarnesTheHuman the Barachi Venom Mage began the quest for
                  | the Orb.
     0 | D:1      | Reached XP level 1. HP: 13/13 MP: 3/3
   232 | D:1      | Reached skill level 1 in Fighting
   234 | D:1      | Reached XP level 2. HP: 15/21 MP: 5/5
   664 | D:1      | Learned a level 2 spell: Poisonous Vapours
   771 | D:1      | Reached XP level 3. HP: 16/27 MP: 2/6
   886 | D:1      | Found a glowing golden altar of the Shining One.
  1418 | D:2      | Noticed Natasha
  1700 | D:1      | HP: 1/27 [poisoned by an adder]
  1702 | D:1      | Succumbed to an adder's poison

Levels and vault maps discovered:
D:1:      dpeg_arrival_another_circle, layout_rooms, tso_metal_star
D:2:      layout_basic, nicolae_overflow_crystal_walls, first_ration,
          minmay_misc_feat_x, uniq_natasha

Skill      XL: |  1  2  3 |
---------------+----------+-----
Fighting       | 1 2 |  2.1
Dodging        | |  2.1
Stealth        | |  1.7
Spellcasting   | |  2.6
Conjurations   | |  1.9
Poison Magic   | |  3.6

Action                   || total
-------------------------++-------
Melee: Dagger            ||   105
       Unarmed           ||     1
 Cast: Sting             ||    49
  Use: Potion            ||     3
  Eat: Chunk             ||     3
Armor: Robe              ||    37
Dodge: Dodged            ||    95
